 Dungeon Crawl Stone Soup version 0.29-a0-598-gd8304a5bf4 (webtiles) character file.

Game seed: 17548270145385570418

359596 greasedhog the Devastator (level 21, -14/192 HPs)
             Began as a Pale Draconian Conjurer on June 13, 2022.
             Was the Champion of Vehumet.
             Killed from afar by a green death (26 damage)
             ... with a poison arrow
             ... on level 2 of the Depths on June 16, 2022.
             The game lasted 04:25:07 (65831 turns).

greasedhog the Devastator (DrCj)                   Turns: 65831, Time: 04:25:07

Health: -14/192    AC: 27    Str: 16    XL:     21   Next: 46%
Magic:  9/40       EV: 16    Int: 32    God:    Vehumet [******]
Gold:   349        SH:  0    Dex: 10    Spells: 3/51 levels left

rFire   + + .      SeeInvis +   M - staff of conjuration
rCold   + . .      Faith    .   (no shield)
rNeg    . . .      Spirit   .   (body armour unavailable)
rPois   .          Reflect  .   h - +3 crown of Dyrovepreva {rElec Int+2 SInv}
rElec   +          Harm     .   O - +2 cloak
rCorr   .          Rampage  .   f - +2 pair of gloves
Will    ++...                   o - +2 pair of boots of the Solstice {rElec Str+3 Int+2}
Stlth   ++........              V - amulet of the acrobat
HPRegen 0.42/turn               D - ring of Kequ {+Blink Will+ AC+4 SInv}
MPRegen 0.27/turn               E - ring "Durykh Kuer" {rElec rF++ rC+}

@: lethally poisoned (-14 -> -27), frozen, hasted, unable to read, very quick
A: breathe steam, AC +11, unfitting armour, cold-blooded, steam resistance,
strong 1, inability to read while threatened
}: 2/15 runes: serpentine, barnacled
a: Breathe Steam, Renounce Religion, Evoke Blink


You were on level 2 of the Depths.
You worshipped Vehumet.
Vehumet was exalted by your worship.
You visited 8 branches of the dungeon, and saw 38 of its levels.
You visited 2 bazaars.

You collected 5288 gold pieces.
You spent 4939 gold pieces at shops.

Inventory:

Armour
 f - a +2 pair of gloves (worn)
 h - the +3 crown of Dyrovepreva (worn) {rElec Int+2 SInv}
   (You bought it in a shop on level 2 of the Vaults)

   Int:       It affects your intelligence (+2).
   rElec:     It insulates you from electricity.
   SInv:      It lets you see invisible.
 o - the +2 pair of boots of the Solstice (worn) {rElec Str+3 Int+2}
   (You acquired it on level 1 of the Lair of Beasts)

   Str:       It affects your strength (+3).
   Int:       It affects your intelligence (+2).
   rElec:     It insulates you from electricity.
 C - an orb of guile
 O - a +2 cloak (worn)
Magical Staves
 M - a staff of conjuration (weapon)
Jewellery
 s - a ring of flight
 x - a ring of protection from fire
 y - a ring of positive energy
 B - a ring of resist corrosion
 D - the ring of Kequ (left hand) {+Blink Will+ AC+4 SInv}
   (You found it on level 4 of the Dungeon)

   [ring of protection]

   AC:        It affects your AC (+4).
   SInv:      It lets you see invisible.
   +Blink:    It lets you blink.
   Will:      It increases your willpower.
 E - the ring "Durykh Kuer" (right hand) {rElec rF++ rC+}
   (You found it on level 9 of the Dungeon)

   [ring of protection from cold]

   rF:        It greatly protects you from fire.
   rC:        It protects you from cold.
   rElec:     It insulates you from electricity.
 G - a ring of willpower
 V - an amulet of the acrobat (around neck)
 X - a ring of willpower
 Z - a ring of positive energy
Wands
 a - a wand of charming (19)
 H - a wand of polymorph (17)
 J - a wand of flame (27)
 N - a wand of mindburst (13)
 S - a wand of acid (7)
 T - a wand of digging (9)
 U - a wand of paralysis (5)
 W - a wand of iceblast (8)
Scrolls
 c - 14 scrolls of teleportation
 g - 4 scrolls of enchant armour
 j - 4 scrolls of silence
 k - 5 scrolls of magic mapping
 n - 7 scrolls of poison
 p - a scroll of brand weapon
 r - 7 scrolls of fear
 w - 7 scrolls of immolation
 z - 3 scrolls of enchant weapon
 K - 5 scrolls of vulnerability
 P - 4 scrolls of fog
 Q - a scroll of blinking
 R - 2 scrolls of amnesia
Potions
 b - 3 potions of resistance
 d - 6 potions of curing
 e - 4 potions of invisibility
 i - 5 potions of lignification
 l - 3 potions of magic
 m - 5 potions of flight
 q - 5 potions of might
 u - 12 potions of attraction
 v - 7 potions of cancellation
 A - a potion of heal wounds
 F - 6 potions of brilliance
 I - a potion of berserk rage
 L - 11 potions of ambrosia


   Skills:
 * Level 17.6 Fighting
 - Level 3.0(8.2) Maces & Flails
 - Level 11.9(12.1) Staves
 - Level 13.3 Dodging
 - Level 4.0 Stealth
 - Level 15.5 Spellcasting
 - Level 18.7 Conjurations
 - Level 6.4 Hexes
 - Level 9.1 Summonings
 - Level 2.0 Translocations
 - Level 7.0 Transmutations
 - Level 7.0 Fire Magic
 * Level 14.1 Air Magic
 - Level 8.0 Evocations


You had 3 spell levels left.
You knew the following spells:

 Your Spells              Type           Power      Damage    Failure   Level
a - Magic Dart            Conj           100%       1d8       0%          1
b - Irradiate             Conj/Tmut      51%        3d30      1%          5
c - Spellforged Servitor  Conj/Summ      53%        N/A       1%          7
d - Fulminant Prism       Conj/Hex       51%        3d23      1%          4
e - Iskenderun's Mystic   Conj/Tloc      95%        2d18      1%          4
f - Starburst             Conj/Fire      51%        6d14      1%          6
g - Orb of Destruction    Conj           60%        9d15      1%          7
h - Iskenderun's Battles  Conj           100%       2d15      0%          5
i - Chain Lightning       Conj/Air       57%        3d76      45%         9

Your spell library contained the following spells:

 Spells                   Type           Power      Damage    Failure   Level
 Fire Storm               Conj/Fire      51%        8d13      88%         9
 Shatter                  Erth           12%        3d13*     100%        9
 Foxfire                  Conj/Fire      100%       2x1d9     0%          1
 Searing Ray              Conj           100%       2d8       0%          2
 Swiftness                Air            86%        N/A       0%          3
 Sting                    Tmut/Pois      100%       1d8       1%          1
 Summon Small Mammal      Summ           100%       N/A       1%          1
 Ensorcelled Hibernation  Hex/Ice        90%        N/A       1%          2
 Passwall                 Tmut/Erth      39%        N/A       1%          2
 Poisonous Vapours        Pois/Air       100%       N/A       1%          2
 Call Canine Familiar     Summ           70%        N/A       1%          3
 Conjure Flame            Conj/Fire      100%       6-21      1%          3
 Dazzling Flash           Conj/Hex       100%       N/A       1%          3
 Ignite Poison            Fire/Tmut/Pois 53%        N/A       1%          3
 Inner Flame              Hex/Fire       61%        N/A       1%          3
 Mephitic Cloud           Conj/Pois/Air  97%        N/A       1%          3
 Stone Arrow              Conj/Erth      100%       3d13      1%          3
 Summon Guardian Golem    Hex/Summ       65%        N/A       1%          3
 Gell's Gravitas          Tloc           37%        N/A       2%          3
 Lesser Beckoning         Tloc           37%        N/A       2%          3
 Teleport Other           Tloc           37%        N/A       2%          3
 Flame Wave               Conj/Fire      100%       2d17      1%          4
 Fireball                 Conj/Fire      51%        3d20      1%          5
 Freezing Cloud           Conj/Ice/Air   48%        6-21      1%          5
 Silence                  Hex/Air        37%        N/A       1%          5
 Conjure Ball Lightning   Conj/Air       57%        3x3d21    1%          6
 Corpse Rot               Necr/Pois/Air  53%        N/A       2%          4
 Ice Form                 Ice/Tmut       47%        N/A       4%          4
 Olgreb's Toxic Radiance  Pois           24%        N/A       4%          4
 Maxwell's Capacitive Co  Air            43%        ∞         10%         8
 Lee's Rapid Deconstruct  Erth           12%        3d9*      13%         5
 Metabolic Englaciation   Hex/Ice        22%        N/A       13%         5
 Animate Dead             Necr           24%        N/A       17%         4
 Dispel Undead            Necr           24%        3d12      17%         4
 Lehudib's Crystal Spear  Conj/Erth      45%        10d11     50%         8
 Ignition                 Fire           31%        3d10      80%         8
 Haunt                    Necr/Summ      26%        N/A       92%         7
 Death Channel            Necr           12%        N/A       95%         6
 Simulacrum               Ice/Necr       12%        N/A       95%         6
 Infestation              Necr           12%        N/A       100%        8
 Animate Armour           Summ/Erth      Unusable   N/A       N/A         4

Dungeon Overview and Level Annotations

Branches:
Dungeon (15/15)            Temple (1/1) D:7            Lair (6/6) D:10
 Shoals (4/4) Lair:4        Snake (4/4) Lair:2        Slime (0/5) Lair:5
    Orc (2/2) D:10            Elf (0/3) Orc:2        Vaults (4/5) D:13
  Crypt (0/3) Vaults:2     Depths (2/4) D:15

Altars:
Ashenzari
Cheibriados
Dithmenos
Elyvilon
Fedhas
Gozag
Hepliaklqana
Kikubaaqudgha
Makhleb
Nemelex Xobeh
Okawaru
Qazlal
Ru
Sif Muna
Trog
Uskayaw
Vehumet
Wu Jian
Xom
Yredelemnul
Zin
The Shining One
Beogh
Jiyva

Shops:
D:4 (   D:5 (   D:12 *   D:15 (**:   Orc:1 *   Orc:2 :[*(:([*   Shoals:1 !
Shoals:2 (   Snake:3 *   Vaults:1 :   Vaults:2 **   Vaults:4 *?   Depths:1 *=(

Portals:
Hell: Depths:1
Abyss: D:10
Pandemonium: Depths:2

Annotations:
Snake:1 2 transporters, DocClef's ghost, adept DrDe
Depths:1 1 runed translucent door
Depths:2 Vv


Innate Abilities, Weirdness & Mutations

You can breathe blasts of scalding, opaque steam.
Your pale cyan-grey scales are hard. (AC +11)
You cannot fit into any form of body armour.
You are cold-blooded and may be slowed by cold attacks.
You are immune to the effects of steam.
Your muscles are strong. (Str +2)
You sometimes lose the ability to read scrolls when taking damage.


Message History

* * * LOW HITPOINT WARNING * * *
The balrug gestures at you.
The fireball explodes!
The fireball engulfs you! You resist.
* * * LOW HITPOINT WARNING * * *
You hear a screech!
You feel yourself speed up.
You are engulfed in poison gas.
You are lethally poisoned!
* * * LOW HITPOINT WARNING * * *
You feel stable enough to blink again.
* * * LOW HITPOINT WARNING * * *
You feel extremely sick.
You feel much better.
You are engulfed in poison gas.
You are more poisoned.
* * * LOW HITPOINT WARNING * * *
You feel very sick. The green death gestures at you.
The bolt of poison misses you.
You are engulfed in poison gas.
You are lethally poisoned!
* * * LOW HITPOINT WARNING * * *
x2 You feel extremely sick.
You feel better. The balrug gestures at you. The bolt of fire hits you!
You resist.
* * * LOW HITPOINT WARNING * * *
Okay, then.
You feel much better. The green death gestures at you.
The poison arrow hits you!!
You are poisoned.
* * * LOW HITPOINT WARNING * * *
You feel better.
Vv calls freezing cold from the walls.
The frost grips you! You partially resist.
* * * LOW HITPOINT WARNING * * *
You are encased in ice.
The green death gestures at you. The poison arrow hits you!!
You are lethally poisoned!
You die...

###≈≈≈≈≈≈≈.#
#........# #####'####
#.# #.# #.# #.#
###'#### #..@...#
#.....°#
§8.[§.§8..$.##..2...#
....8...... #...9.2.#
.........8 ##..)....#
..8...8.? #........#
........ ###........#
#8...8 #..........#
###'''####..........#


You could see Vv, a balrug and a green death.

Vanquished Creatures
  Sojobo (Vaults:3)
  Margery (Vaults:3)
  Zenata (Vaults:2)
  A kraken (Shoals:1)
  3 sphinxes (Vaults:4)
  5 tengu reavers
  2 fire giants
  5 nagarajas (Snake:4)
  7 vault wardens
  2 orc warlords
  24 ironbound preservers
  A reaper (Depths:1)
  18 very ugly things
  4 war gargoyles
  3 stone giants (Depths:2)
  10 ironbound thunderhulks
  14 dire elephants
  A vampire knight (Depths:2)
  A deep elf annihilator (Vaults:4)
  A blizzard demon (Depths:2)
  An ettin (D:15)
  2 merfolk impalers
  The ghost of Xogheode the Grappler, a journeyman TrBe of Trog (Orc:1)
  4 fire dragons
  14 yaktaur captains
  2 merfolk javelineers (Shoals:4)
  8 great orbs of eyes
  A jiangshi (Vaults:2)
  An ice dragon (Depths:1)
  13 vault guards
  The ghost of drugrobin the Cleaver, a journeyman DgFi (D:10)
  6 hydras
  A rakshasa (Depths:2)
  A salamander tyrant (Snake:4)
  5 peacekeepers
  3 ironbound frosthearts
  2 ogre magi (D:15)
  9 boulder beetles
  4 anacondas
  Erolcha (Orc:2)
  A catoblepas (Lair:6)
  3 hell beasts (Depths:2)
  3 spriggan air magi
  11 centaur warriors
  A merfolk avatar (Shoals:1)
  11 naga warriors
  An alligator snapping turtle (Shoals:1)
  A deep troll earth mage (Depths:2)
  3 deep troll shamans
  3 death yaks (Lair:6)
  9 two-headed ogres
  3 orc high priests (Orc:2)
  5 tengu warriors
  Urug (Orc:2)
  8 naga sharpshooters
  5 shock serpents
  5 spriggan berserkers
  3 sun demons
  4 soul eaters
  3 deep elf knights
  2 iron trolls
  6 hell knights (Vaults:3)
  A salamander mystic (Snake:4)
  A swamp dragon (Lair:6)
  4 naga ritualists
  11 sea snakes
  74 deep trolls
  A sixfirhy (Depths:2)
  An orange crystal statue (Vaults:2)
  10 wizards
  14 lindwurms
  A glowing orange brain (Vaults:2)
  15 ironbound convokers
  7 harpies
  7 orc knights
  4 necromancers
  A wolf spider (Lair:2)
  13 mana vipers
  28 ugly things
  3 orc sorcerers
  13 salamanders
  5 fauns
  Maurice (D:8)
  4 cyclopes
  3 merfolk sirens
  13 manticores
  2 toenail golems (D:10)
  16 vault sentinels
  22 black mambas
  7 guardian serpents
  14 naga magi
  A water nymph (Shoals:2)
  8 elephants (Lair:6)
  A smoke demon (Depths:2)
  Joseph (D:8)
  A gargoyle (D:12)
  Psyche (D:10)
  5 rime drakes
  15 cane toads
  21 yaktaurs
  17 komodo dragons
  A kobold demonologist (D:14)
  A hellwing (Depths:2)
  A komodo dragon (shapeshifter) (D:10)
  2 freezing wraiths
  A queen bee (D:9)
  2 tengu conjurers
  A queen bee (shapeshifter) (D:10)
  10 trolls
  A tengu simulacrum (Vaults:4)
  5 wind drakes
  24 merfolk
  3 hornets
  An ettin zombie (Vaults:4)
  A nameless horror (Snake:4)
  25 blink frogs
  10 snapping turtles
  13 dream sheep
  Sigmund (D:4)
  15 slime creatures
  9 water elementals
  3 spriggans (Depths:1)
  A shadow (D:12)
  2 wraiths
  7 wyverns
  An ettin skeleton (Vaults:4)
  Eustachio (D:5)
  4 basilisks
  84 yaks
  A yaktaur simulacrum (Vaults:4)
  6 steam dragons
  3 redbacks
  4 wargs
  2 vampire mosquitoes (D:15)
  38 nagas
  14 water moccasins
  2 acid dragons (Lair:6)
  Duvessa (D:4)
  37 orc warriors
  3 ice beasts
  2 black bears
  An elf simulacrum (Vaults:4)
  9 ogres
  A small abomination (D:10)
  4 wolves (Lair:6)
  8 centaurs
  3 kobold brigands
  Blork the orc (D:4)
  12 bullfrogs
  5 gnoll sergeants
  3 necrophages
  2 scorpions
  Dowan (D:4)
  40 killer bees
  7 electric eels
  3 howler monkeys
  4 lava snakes (Lair:2)
  5 hounds
  A jelly (D:8)
  15 orc priests
  Jessica (D:2)
  18 iguanas
  18 orc wizards
  17 gnolls
  6 adders
  A shadow imp (D:7)
  2 white imps
  2 ufetubi
  5 dart slugs
  A worm (D:5)
  76 orcs
  7 bats
  5 endoplasms
  5 giant cockroaches
  6 hobgoblins
  3 jackals (D:5)
  22 kobolds
  A quokka (D:4)
  8 ball pythons
  18 frilled lizards
  6 goblins
  6 rats
  A bush (Lair:4)
  A butterfly (Lair:2)
  A fulminant prism (D:10)
  3 tentacles (Shoals:1)
1352 creatures vanquished.

Vanquished Creatures (collateral kills)
  Vashnia (Snake:4)
  A kraken (Shoals:1)
  5 nagarajas
  A frost giant (Shoals:4)
  3 vault wardens
  A very ugly thing (Vaults:1)
  3 ironbound preservers
  A war gargoyle (Vaults:3)
  An ironbound thunderhulk (Vaults:2)
  A crystal guardian (Vaults:2)
  3 merfolk impalers
  A fire dragon (Depths:1)
  3 merfolk javelineers (Shoals:4)
  A salamander tyrant (Snake:4)
  A merfolk avatar (Shoals:4)
  2 anacondas
  11 naga warriors
  A merfolk aquamancer (Shoals:4)
  2 satyrs (Shoals:4)
  7 naga sharpshooters
  A shock serpent (Snake:4)
  2 salamander mystics
  A glowing orange brain (Vaults:1)
  4 deep trolls
  6 sea snakes
  An ironbound convoker (Vaults:1)
  A phantasmal warrior (Vaults:1)
  2 fauns (Shoals:3)
  4 salamanders
  4 guardian serpents
  6 merfolk sirens
  7 black mambas
  5 naga magi
  2 vault sentinels (Vaults:1)
  2 yaktaurs (Vaults:3)
  9 merfolk
  A wind drake (Shoals:4)
  A hornet (Depths:1)
  A slime creature (Vaults:2)
  A snapping turtle (Shoals:4)
  A water elemental (Shoals:4)
  13 nagas
  An orc warrior (Orc:2)
  2 tentacles (Shoals:1)
128 creatures vanquished.

Vanquished Creatures (others)
  A basilisk (Lair:6)
  2 gnolls (D:12)
  32 fulminant prisms
  82 fungi
  115 plants
  15 tentacles (Shoals:1)
247 creatures vanquished.

Grand Total: 1727 creatures vanquished

Notes
Turn   | Place    | Note
-------+----------+-------------------------------------------
     0 | D:1      | greasedhog the Draconian Conjurer began the quest for the
                  | Orb.
     0 | D:1      | Reached XP level 1. HP: 14/14 MP: 3/3
   459 | D:1      | Reached XP level 2. HP: 20/20 MP: 3/5
  1184 | D:2      | Learned a level 2 spell: Searing Ray
  1233 | D:2      | Found a faded altar of an unknown god.
  1251 | D:2      | Reached XP level 3. HP: 14/26 MP: 2/6
  1729 | D:2      | Identified the +5 hand axe of the Shoals {holy, Dex+8}
  2065 | D:2      | Identified the +8 hand axe of Uku Fohai {vorpal, rF++}
  2308 | D:2      | Noticed Jessica
  2313 | D:2      | Killed Jessica
  2314 | D:2      | Reached XP level 4. HP: 33/33 MP: 2/7
  2694 | D:2      | Reached XP level 5. HP: 12/38 MP: 1/8
  3174 | D:3      | Learned a level 3 spell: Dazzling Flash
  3499 | D:4      | Reached skill level 5 in Conjurations
  3579 | D:4      | Noticed Blork the orc
  3812 | D:4      | Killed Blork the orc
  3813 | D:4      | Reached XP level 6. HP: 37/45 MP: 0/9
  3946 | D:4      | Noticed Duvessa
  3971 | D:4      | Noticed Dowan
  4185 | D:4      | Noticed Sigmund
  4264 | D:4      | Found Ebiqoith's Weapon Shop.
  4283 | D:5      | Entered Level 5 of the Dungeon
  4335 | D:5      | Reached skill level 1 in Fighting
  5005 | D:5      | Your scales start taking on a pale cyan-grey colour.
  5005 | D:5      | Reached XP level 7. HP: 48/55 MP: 3/10
  5005 | D:5      | Gained mutation: You are immune to the effects of steam.
                  | [Pale Draconian growth]
  5096 | D:5      | Reached skill level 6 in Conjurations
  5381 | D:5      | Reached skill level 5 in Dodging
  5464 | D:5      | Reached XP level 8. HP: 66/66 MP: 3/11
  5569 | D:5      | Found a bloodstained altar of Trog.
  5651 | D:5      | Found Ras Zeps's Antique Weapon Shoppe.
  5770 | D:5      | Reached skill level 7 in Conjurations
  5823 | D:5      | Noticed Eustachio
  5849 | D:5      | Killed Eustachio
  6079 | D:5      | Found an ancient bone altar of Kikubaaqudgha.
  6294 | D:4      | Killed Duvessa
  6295 | D:4      | Reached skill level 5 in Fighting
  6297 | D:4      | Killed Dowan
  6575 | D:4      | Killed Sigmund
  6782 | D:4      | Identified the ring of Kequ {+Blink Will+ AC+4 SInv}
  6791 | D:4      | Learned a level 4 spell: Fulminant Prism
  6798 | D:4      | Reached skill level 1 in Maces & Flails
  7149 | D:6      | Reached XP level 9. HP: 58/75 MP: 8/12
  7150 | D:6      | Reached skill level 8 in Conjurations
  8075 | D:5      | Bought a quarterstaff for 104 gold pieces
  8104 | D:7      | Found a staircase to the Ecumenical Temple.
  8114 | Temple   | Entered the Ecumenical Temple
  8202 | Temple   | Became a worshipper of Vehumet
  8331 | D:7      | Found a basalt altar of Yredelemnul.
  8559 | D:7      | Reached skill level 1 in Staves
  9283 | D:8      | Noticed Joseph
  9293 | D:8      | Killed Joseph
  9413 | D:8      | Noticed Maurice
  9422 | D:8      | Killed Maurice
  9423 | D:8      | Reached skill level 9 in Conjurations
  9455 | D:8      | Learned a level 4 spell: Iskenderun's Mystic Blast
  9614 | D:8      | Identified the +3 leather armour of the Rose {Str+4 Stlth+}
  9641 | D:8      | Reached XP level 10. HP: 74/88 MP: 8/15
 10333 | D:9      | Reached * piety under Vehumet
 10333 | D:9      | Offered knowledge of Shock by Vehumet.
 10879 | D:9      | Reached skill level 5 in Staves
 10890 | D:9      | Reached skill level 5 in Spellcasting
 10898 | D:9      | Reached skill level 10 in Conjurations
 11079 | D:9      | Identified the ring "Durykh Kuer" {rElec rF++ rC+}
 11263 | D:9      | Reached ** piety under Vehumet
 11264 | D:9      | Reached XP level 11. HP: 97/97 MP: 19/19
 11287 | D:9      | Noticed a two-headed ogre
 11291 | D:9      | Killed a two-headed ogre
 11309 | D:9      | Offered knowledge of Freeze by Vehumet.
 11540 | D:10     | Entered Level 10 of the Dungeon
 11570 | D:10     | Found a staircase to the Lair.
 11731 | D:10     | Learned a level 6 spell: Starburst
 11764 | D:10     | Found a transporter.
 11764 | D:10     | Found a transporter.
 11981 | D:10     | Noticed Psyche
 11999 | D:10     | Killed Psyche
 12327 | D:10     | Found a staircase to the Orcish Mines.
 12334 | D:10     | Offered knowledge of Mephitic Cloud by Vehumet.
 12337 | D:10     | Reached skill level 1 in Hexes
 12713 | D:11     | Reached *** piety under Vehumet
 12714 | D:11     | Reached skill level 10 in Fighting
 12781 | D:11     | Found an iron altar of Okawaru.
 12921 | D:11     | Reached skill level 1 in Evocations
 13740 | D:12     | Offered knowledge of Stone Arrow by Vehumet.
 13760 | D:12     | Reached skill level 11 in Conjurations
 14610 | D:12     | Identified the +5 morningstar of Domination {freeze, Drain
                  | rC+ Int+2}
 14640 | D:12     | Reached skill level 1 in Translocations
 14724 | D:12     | Found Sapumim's General Store.
 14727 | D:12     | Bought a scroll of identify for 26 gold pieces
 14727 | D:12     | Bought a potion of curing for 39 gold pieces
 15293 | D:13     | Noticed a boulder beetle
 15297 | D:13     | Noticed a seven-headed hydra
 15571 | D:12     | Killed a boulder beetle
 15572 | D:12     | Reached XP level 12. HP: 47/106 MP: 8/22
 16038 | D:13     | Killed a seven-headed hydra
 16039 | D:13     | Reached skill level 1 in Fire Magic
 16045 | D:13     | Noticed a vault guard
 16051 | D:13     | Noticed a vault guard
 16119 | D:13     | Noticed a vault guard
 16146 | D:12     | Killed a vault guard
 16393 | D:13     | Noticed a vault guard
 16394 | D:13     | Noticed a vault guard
 16481 | Lair:1   | Entered Level 1 of the Lair of Beasts
 16508 | Lair:1   | Reached **** piety under Vehumet
 16516 | Lair:1   | Offered knowledge of Hailstorm by Vehumet.
 16579 | Lair:1   | Reached skill level 5 in Evocations
 17406 | Lair:1   | Learned a level 7 spell: Orb of Destruction
 17614 | Lair:1   | Reached skill level 12 in Conjurations
 18393 | Lair:1   | Identified a scroll of acquirement
 18394 | Lair:1   | Acquired the +2 pair of boots of the Solstice {rElec Str+3
                  | Int+2}
 18595 | Lair:2   | Noticed a four-headed hydra
 18725 | Lair:2   | Killed a four-headed hydra
 18726 | Lair:2   | Reached skill level 5 in Fire Magic
 19665 | Lair:2   | Reached XP level 13. HP: 100/113 MP: 8/25
 19769 | Lair:2   | Found a runed translucent door.
 20182 | Lair:2   | Found a staircase to the Snake Pit.
 22076 | Lair:4   | Reached ***** piety under Vehumet
 22150 | Lair:4   | Offered knowledge of Sticky Flame by Vehumet.
 22549 | Lair:4   | Gained mutation: Your body sometimes deteriorates upon
                  | taking damage. [potion of mutation]
 22549 | Lair:4   | Gained mutation: Your spells are a little harder to cast,
                  | but a little more powerful. [potion of mutation]
 22550 | Lair:4   | Lost mutation: Your spells are a little harder to cast, but
                  | a little more powerful. [potion of mutation]
 22550 | Lair:4   | Lost mutation: Your body sometimes deteriorates upon taking
                  | damage. [potion of mutation]
 22550 | Lair:4   | Gained mutation: Your natural rate of healing is unusually
                  | fast. [potion of mutation]
 22550 | Lair:4   | Gained mutation: You possess an exceptional clarity of
                  | mind. [potion of mutation]
 22896 | Lair:4   | Found a staircase to the Shoals.
 23295 | Lair:5   | Reached skill level 13 in Conjurations
 24239 | Lair:5   | Found a viscous altar of Jiyva.
 24239 | Lair:5   | Found a staircase to the Slime Pits.
 24352 | Lair:5   | Reached skill level 10 in Spellcasting
 24557 | Lair:6   | Entered Level 6 of the Lair of Beasts
 24826 | Lair:6   | Reached skill level 5 in Hexes
 24826 | Lair:6   | Reached XP level 14. HP: 90/121 MP: 3/28
 25308 | Lair:6   | Learned a level 5 spell: Iskenderun's Battlesphere
 25579 | Lair:6   | Reached skill level 14 in Conjurations
 25682 | Lair:6   | Identified the +8 long sword of Charmed Tender Mercy
                  | {freeze, Str+5}
 26572 | Lair:6   | Offered knowledge of Spellforged Servitor by Vehumet.
 26638 | Lair:6   | Acquired a staff of conjuration
 27616 | Orc:1    | Entered Level 1 of the Orcish Mines
 27741 | Orc:1    | Found Ophy's Assorted Antiques.
 27771 | Orc:1    | Found a runed translucent gate.
 27771 | Orc:1    | Found a runed translucent gate.
 27771 | Orc:1    | Found a runed translucent gate.
 27831 | Orc:1    | Bought a scroll of identify for 58 gold pieces
 27831 | Orc:1    | Bought a wand of flame (2) for 29 gold pieces
 27831 | Orc:1    | Bought a potion of heal wounds for 145 gold pieces
 27853 | Orc:1    | Noticed Xogheode's ghost (journeyman TrBe)
 27865 | Orc:1    | Found an iron altar of Okawaru.
 28500 | Orc:1    | Killed Xogheode's ghost
 28635 | Orc:2    | Entered Level 2 of the Orcish Mines
 28635 | Orc:2    | Noticed Urug
 28635 | Orc:2    | Found Feffaw's Book Boutique.
 28639 | Orc:2    | Killed Urug
 28640 | Orc:2    | Reached skill level 15 in Conjurations
 28726 | Orc:2    | Found a staircase to the Elven Halls.
 28750 | Orc:2    | Found Vagotad's Antique Weapon Emporium.
 28772 | Orc:2    | Noticed Erolcha
 28779 | Orc:2    | Killed Erolcha
 28984 | Orc:2    | Found Ugenwac's Antique Armour Shoppe.
 29033 | Orc:2    | Offered knowledge of Eringya's Noxious Bog by Vehumet.
 29343 | Orc:2    | Found Caeqes's General Store.
 29360 | Orc:2    | Found Titameal's Book Shop.
 29376 | Orc:2    | Reached XP level 15. HP: 126/126 MP: 27/30
 29423 | Orc:2    | Bought a book of Dangerous Friends for 560 gold pieces
 29431 | Orc:2    | Learned a level 7 spell: Spellforged Servitor
 29491 | Orc:2    | Found Hetyop's Antique Weapon Boutique.
 29725 | Orc:2    | Noticed an orc warlord
 29736 | Orc:2    | Killed an orc warlord
 29840 | Orc:2    | Found Doilomp's Antique Armour Boutique.
 30098 | Orc:2    | Found Tugun's General Store.
 30106 | Orc:2    | Bought a scroll of enchant armour for 127 gold pieces
 30106 | Orc:2    | Bought a potion of might for 68 gold pieces
 30106 | Orc:2    | Bought a scroll of teleportation for 51 gold pieces
 31292 | D:13     | Found a gate to the Vaults.
 32033 | D:14     | Reached skill level 10 in Staves
 32132 | D:14     | Found a stormy altar of Qazlal.
 32316 | D:15     | Entered Level 15 of the Dungeon
 32429 | D:15     | Reached skill level 1 in Summonings
 32641 | D:15     | Found a staircase to the Depths.
 32679 | D:15     | Found Fashoe's General Store.
 32688 | D:15     | Bought a scroll of acquirement for 988 gold pieces
 32688 | D:15     | Acquired 1008 gold pieces
 33091 | D:15     | Reached skill level 16 in Conjurations
 33266 | D:15     | Found Joixeuca's Antique Weapon Boutique.
 33362 | D:15     | Found Gasej's Book Emporium.
 33443 | D:15     | Bought the Almanac of Lethal Bewitchment for 374 gold
                  | pieces
 33456 | D:15     | Found Fekluo's General Store.
 33463 | D:15     | Bought 2 scrolls of identify for 68 gold pieces
 34114 | Snake:1  | Entered Level 1 of the Snake Pit
 34185 | Snake:1  | Noticed DocClef's ghost (adept DrDe)
 34520 | Snake:1  | Offered knowledge of Ozocubu's Refrigeration by Vehumet.
 34654 | Snake:1  | Found a transporter.
 34679 | Snake:1  | Reached XP level 16. HP: 131/134 MP: 24/32
 34790 | Snake:1  | Found a transporter.
 35575 | Snake:2  | Reached skill level 5 in Summonings
 36113 | Snake:2  | Learned a level 5 spell: Irradiate
 36859 | Snake:3  | Reached ****** piety under Vehumet
 37031 | Snake:3  | Offered knowledge of Yara's Violent Unravelling by Vehumet.
 37380 | Snake:3  | Found Dohovuxtu's Assorted Antiques.
 37389 | Snake:3  | Bought a potion of curing for 102 gold pieces
 37389 | Snake:3  | Bought a potion of heal wounds for 170 gold pieces
 38225 | Snake:4  | Entered Level 4 of the Snake Pit
 38299 | Snake:4  | Identified the +9 mace "Toziung" {freeze, Will- Str+5}
 38355 | Snake:4  | Reached skill level 17 in Conjurations
 38522 | Snake:4  | Reached skill level 1 in Transmutations
 39346 | Snake:4  | Reached XP level 17. HP: 140/140 MP: 19/34
 39369 | Snake:4  | Noticed Vashnia
 39677 | Snake:4  | Killed Vashnia
 39858 | Snake:4  | Got a serpentine rune of Zot
 40586 | Snake:4  | Offered knowledge of Lightning Bolt by Vehumet.
 40608 | Snake:4  | Reached skill level 5 in Transmutations
 41111 | Shoals:1 | Entered Level 1 of the Shoals
 41500 | Shoals:1 | Noticed a kraken
 41522 | Shoals:1 | Killed a kraken
 41683 | Shoals:1 | Found an ancient bone altar of Kikubaaqudgha.
 41688 | Shoals:1 | Noticed a kraken
 41806 | Shoals:1 | Killed a kraken
 42433 | Shoals:1 | Found Saunabyj's Distillery.
 43029 | Shoals:2 | Upgraded the game from 0.29-a0-577-gafbf2c5d25 to
                  | 0.29-a0-582-ge82337ba6a
 43108 | Shoals:2 | Found Seuvogiw's Weapon Shoppe.
 43193 | Shoals:2 | Reached skill level 18 in Conjurations
 43408 | Shoals:2 | Identified the +1 leather armour "Pecuygh" {rF+++ Will-
                  | Regen+}
 44740 | Shoals:3 | Offered knowledge of Maxwell's Capacitive Coupling by
                  | Vehumet.
 45251 | Shoals:4 | Entered Level 4 of the Shoals
 45367 | Shoals:4 | Reached XP level 18. HP: 92/149 MP: 20/36
 45833 | Shoals:4 | Identified the +8 falchion "Hellblazer" {vorpal, Dex+3}
 46066 | Shoals:4 | Reached skill level 15 in Spellcasting
 46120 | Shoals:4 | Learned a level 8 spell: Maxwell's Capacitive Coupling
 46208 | Shoals:4 | Reached skill level 1 in Air Magic
 47025 | Shoals:4 | Offered knowledge of Fire Storm by Vehumet.
 47025 | Shoals:4 | Offered knowledge of Shatter by Vehumet.
 47025 | Shoals:4 | Offered knowledge of Chain Lightning by Vehumet.
 47188 | Shoals:4 | Got a barnacled rune of Zot
 47497 | Vaults:1 | Entered Level 1 of the Vaults
 48595 | Vaults:1 | Found Ofonnyc's Book Emporium.
 48715 | Vaults:1 | Reached skill level 5 in Air Magic
 49604 | Vaults:1 | Reached XP level 19. HP: 157/162 MP: 12/38
 50253 | D:15     | Bought a scroll of amnesia for 66 gold pieces
 50264 | D:15     | Learned a level 9 spell: Chain Lightning
 50516 | Vaults:2 | Noticed Zenata
 50702 | Vaults:2 | HP: 4/162 [+1 dire flail of protection[Zenata] (17)]
 50707 | Vaults:2 | HP: 3/162 [+2 war axe of freezing[Zenata] (13)]
 51173 | Vaults:2 | Found Ifeabb's Assorted Antiques.
 51954 | Vaults:2 | Found a staircase to the Crypt.
 52434 | Vaults:2 | Killed Zenata
 52470 | Vaults:2 | Gained mutation: Your spells are a little easier to cast,
                  | but a little less powerful. [mutagenic glow]
 52532 | Vaults:2 | Lost mutation: Your spells are a little easier to cast, but
                  | a little less powerful. [potion of mutation]
 52532 | Vaults:2 | Lost mutation: You possess an exceptional clarity of mind.
                  | [potion of mutation]
 52532 | Vaults:2 | Lost mutation: Your natural rate of healing is unusually
                  | fast. [potion of mutation]
 52532 | Vaults:2 | Gained mutation: You possess an exceptional clarity of
                  | mind. [potion of mutation]
 52532 | Vaults:2 | Gained mutation: You have large cloven feet. [potion of
                  | mutation]
 52533 | Vaults:2 | Lost mutation: You have large cloven feet. [potion of
                  | mutation]
 52533 | Vaults:2 | Lost mutation: You possess an exceptional clarity of mind.
                  | [potion of mutation]
 52533 | Vaults:2 | Gained mutation: Your flesh is cold resistant. (rC+)
                  | [potion of mutation]
 52533 | Vaults:2 | Gained mutation: You have a pair of small horns on your
                  | head. [potion of mutation]
 52533 | Vaults:2 | Gained mutation: You are agile. (Dex +2) [potion of
                  | mutation]
 52534 | Vaults:2 | Lost mutation: You are agile. (Dex +2) [potion of mutation]
 52534 | Vaults:2 | Lost mutation: You have a pair of small horns on your head.
                  | [potion of mutation]
 52534 | Vaults:2 | Lost mutation: Your flesh is cold resistant. (rC+) [potion
                  | of mutation]
 52534 | Vaults:2 | Gained mutation: Your mind is acute. (Int +2) [potion of
                  | mutation]
 52534 | Vaults:2 | Gained mutation: Your mind is very acute. (Int +4) [potion
                  | of mutation]
 52535 | Vaults:2 | Lost mutation: Your mind is very acute. (Int +4) [potion of
                  | mutation]
 52535 | Vaults:2 | Lost mutation: Your mind is acute. (Int +2) [potion of
                  | mutation]
 52535 | Vaults:2 | Gained mutation: You are dopey. (Int -2) [potion of
                  | mutation]
 52536 | Vaults:2 | Lost mutation: You are dopey. (Int -2) [potion of mutation]
 52536 | Vaults:2 | Gained mutation: You occasionally shout uncontrollably at
                  | your foes. [potion of mutation]
 52536 | Vaults:2 | Gained mutation: You have a beak for a mouth. [potion of
                  | mutation]
 53373 | Vaults:2 | Lost mutation: You have a beak for a mouth. [potion of
                  | mutation]
 53373 | Vaults:2 | Lost mutation: You occasionally shout uncontrollably at
                  | your foes. [potion of mutation]
 53373 | Vaults:2 | Gained mutation: You are clumsy. (Dex -2) [potion of
                  | mutation]
 53373 | Vaults:2 | Gained mutation: You are dopey. (Int -2) [potion of
                  | mutation]
 53553 | Vaults:2 | Found Pyuwivy's Assorted Antiques.
 53558 | Vaults:2 | Bought the +3 crown of Dyrovepreva {rElec Int+2 SInv} for
                  | 952 gold pieces
 53558 | Vaults:2 | Found the +3 crown of Dyrovepreva {rElec Int+2 SInv}
 53610 | Vaults:2 | Reached skill level 10 in Dodging
 54108 | Vaults:2 | Found a gateway to a bazaar.
 54276 | Bazaar   | Entered a bazaar
 54277 | Bazaar   | Found Mucsoih's Weapon Emporium.
 54286 | Bazaar   | Found Sajudoumn's Jewellery Emporium.
 54314 | Bazaar   | Found Witeym's Weapon Shop.
 54322 | Bazaar   | Found Cikhiegril's Antique Armour Shoppe.
 55309 | Vaults:3 | Reached skill level 10 in Air Magic
 55459 | Vaults:3 | Noticed Sojobo
 55467 | Vaults:3 | Killed Sojobo
 55468 | Vaults:3 | Reached XP level 20. HP: 77/177 MP: 0/39
 55981 | Vaults:3 | Reached skill level 15 in Fighting
 56849 | Vaults:3 | Identified the +1 arbalest "Riotaneo" {elec, rElec Str-2
                  | Int+4}
 56998 | Vaults:2 | Bought a potion of mutation for 208 gold pieces
 56998 | Vaults:2 | Lost mutation: You are clumsy. (Dex -2) [potion of
                  | mutation]
 56998 | Vaults:2 | Lost mutation: You are dopey. (Int -2) [potion of mutation]
 56998 | Vaults:2 | Gained mutation: You tend to lose your temper in combat.
                  | [potion of mutation]
 56998 | Vaults:2 | Gained mutation: Your magical capacity is low. (-10% MP)
                  | [potion of mutation]
 57241 | Shoals:1 | Bought a potion of mutation for 136 gold pieces
 57241 | Shoals:1 | Bought a potion of mutation for 136 gold pieces
 57241 | Shoals:1 | Bought a potion of mutation for 136 gold pieces
 57241 | Shoals:1 | Lost mutation: You tend to lose your temper in combat.
                  | [potion of mutation]
 57241 | Shoals:1 | Lost mutation: Your magical capacity is low. (-10% MP)
                  | [potion of mutation]
 57241 | Shoals:1 | Gained mutation: You possess an exceptional clarity of
                  | mind. [potion of mutation]
 57241 | Shoals:1 | Gained mutation: A frigid envelope surrounds you and
                  | freezes all who hurt you. [potion of mutation]
 57242 | Shoals:1 | Lost mutation: You possess an exceptional clarity of mind.
                  | [potion of mutation]
 57242 | Shoals:1 | Lost mutation: A frigid envelope surrounds you and freezes
                  | all who hurt you. [potion of mutation]
 57242 | Shoals:1 | Gained mutation: You sometimes lose the ability to read
                  | scrolls when taking damage. [potion of mutation]
 57242 | Shoals:1 | Gained mutation: Your muscles are strong. (Str +2) [potion
                  | of mutation]
 57242 | Shoals:1 | Gained mutation: You are frail. (-10% HP) [potion of
                  | mutation]
 57242 | Shoals:1 | Gained mutation: You are somewhat resistant to further
                  | mutation. [potion of mutation]
 57243 | Shoals:1 | Lost mutation: You sometimes lose the ability to read
                  | scrolls when taking damage. [potion of mutation]
 57243 | Shoals:1 | Lost mutation: You are frail. (-10% HP) [potion of
                  | mutation]
 57243 | Shoals:1 | Lost mutation: You are somewhat resistant to further
                  | mutation. [potion of mutation]
 57243 | Shoals:1 | Gained mutation: You sometimes lose the ability to read
                  | scrolls when taking damage. [potion of mutation]
 58228 | Vaults:3 | Identified the +2 battleaxe "Quriukka" {drain, +Blink rF-
                  | rC++ Dex+3}
 58250 | Vaults:3 | Noticed Margery
 58271 | Vaults:3 | Killed Margery
 58907 | Vaults:4 | Found a flickering gateway to a bazaar.
 58918 | Bazaar   | Entered a bazaar
 58928 | Bazaar   | Found Hugo Xozighi's Book Shop.
 58942 | Bazaar   | Found Cuog's Armour Boutique.
 58968 | Bazaar   | Found Mialojaxt's Antique Armour Boutique.
 58976 | Bazaar   | Bought a runed orb for 264 gold pieces
 58982 | Bazaar   | Found Teosseu's Weapon Shop.
 59010 | Bazaar   | Found Koddajot's Magic Scroll Shop.
 59056 | Vaults:4 | Found Bami's Assorted Antiques.
 60778 | Vaults:4 | Got the Grimoire of the Fetching Snowflakes
 61899 | Vaults:4 | Found Ezydweno's Magic Scroll Shoppe.
 61903 | Vaults:4 | Bought a scroll of amnesia for 66 gold pieces
 61903 | Vaults:4 | Bought a scroll of amnesia for 66 gold pieces
 62339 | Depths:1 | Entered Level 1 of the Depths
 62370 | Depths:1 | Found Tav Xyent's General Store.
 62372 | Depths:1 | Found Serhudgh's Jewellery Shoppe.
 62375 | Depths:1 | Found Ergha's Weapon Emporium.
 62469 | Depths:1 | Reached XP level 21. HP: 164/189 MP: 37/40
 63069 | Depths:1 | Found a runed translucent door.
 63298 | Depths:1 | Found a gateway to Hell.
 63386 | Depths:1 | Identified the +5 demon blade "Ogre's Regret" {flame,
                  | rCorr}
 63775 | D:10     | Identified the +2 ring mail of Repulsion {rF++ Regen+ Str-2
                  | SInv}
 64013 | D:10     | Found a one-way gate to the infinite horrors of the Abyss.
 64013 | D:10     | Noticed drugrobin's ghost (journeyman DgFi)
 64041 | D:10     | Killed drugrobin's ghost
 64210 | D:10     | Upgraded the game from 0.29-a0-582-ge82337ba6a to
                  | 0.29-a0-598-gd8304a5bf4
 64337 | Lair:2   | Found a runed translucent gate.
 64337 | Lair:2   | Found a runed translucent gate.
 64337 | Lair:2   | Found a runed translucent gate.
 64337 | Lair:2   | Found a runed translucent gate.
 64337 | Lair:2   | Found a runed translucent gate.
 64337 | Lair:2   | Found a runed translucent gate.
 65157 | Depths:2 | Found a one-way gate leading to the halls of Pandemonium.
 65792 | Depths:2 | Noticed Vv
 65831 | Depths:2 | Killed from afar by a green death

Illustrated notes

Levels and vault maps discovered:
D:1:      lightli_arrival_isolated_outpost, layout_loops_ring,
          nicolae_figureground_pulse
D:2:      layout_loops_corners, basic_ecumenical_altar, uniq_jessica
D:3:      layout_basic
D:4:      layout_rooms, serial_shops, shop, uniq_blork_the_orc, uniq_sigmund,
          uniq_duvessa
D:5:      layout_loops_cross, serial_shops, nicolae_take_the_stairs,
          hangedman_feature_mirror, uniq_eustachio
D:6:      layout_gridville
D:7:      layout_cave_pools, yredelemnul_altar_generic,
          minmay_temple_entry_trees, dk_vineyard_1, columned_hall_lemuel,
          nicolae_elevator_lobby_asterisk
D:8:      layout_basic, serial_corexii_hall, corexii_hall_statues_s,
          corexii_hall_statues_l, corexii_hall_statues_deadend,
          corexii_hall_statues_deadend, uniq_joseph, uniq_maurice
D:9:      layout_roguey [special_room_bee], serial_glass, glass_columns_a,
          glass_columns_b, glass_columns_b, glass_columns_a, glass_columns_a
D:10:     layout_small_grid, erik_lair_orcish_takeover,
          kennysheep_orc_monster_closet_entryway,
          gammafunk_ghost_abyssal_escape, uniq_psyche
D:11:     layout_roguey, okawaru_trees_1
D:12:     layout_basic, serial_shops, shop
D:13:     layout_cave_pools, erik_vaults_2, gauntlet_entry_generic
D:14:     layout_rooms, nicolae_qazlal_general_emergency, hangedman_decor_points
D:15:     grunt_enter_depths_hoard, layout_irregular_city, serial_shops,
          nicolae_shop_stone, shop, shop_fountains, shop, minmay_evil_grid
Temple:   dpeg_three_leaves_temple
Lair:1:   lemuel_reptile_caves, layout_cave_pods, serial_bayou_crossing
Lair:2:   gammafunk_indiana_jones, layout_cave_pods, dummy_snake_entry,
          infiniplex_staircase_pool_2, grunt_megastairs_5, serial_bayou_shore_b,
          serial_bayou_shore_b, lemuel_fruit_fields
Lair:3:   layout_small_grid, portal_ice_cave_entry_pillars_2
Lair:4:   layout_regular_city, minmay_shoals_entry_hut, lemuel_fruit_fields,
          lemuel_fruit_tree
Lair:5:   layout_loops_ring, slime_altar_1, nicolae_lair_lindhole
Lair:6:   hangedman_lair_in_review, layout_misc_corridors,
          guppyfry_lair_end_dragon
Shoals:1: layout_shoals, serial_shops, shop, wheals_shoals_ruined_temple
Shoals:2: layout_shoals, serial_shops, shop
Shoals:3: layout_shoals
Shoals:4: shoals_end_grunt_ice, layout_shoals
Snake:1:  layout_concentric_octagons, gammafunk_ghost_berserking_beasts
Snake:2:  layout_honeycomb
Snake:3:  layout_misc_corridors, serial_shops, nicolae_square_shop
Snake:4:  grunt_snake_rune_spirals, layout_onion_interference,
          nicolae_snake_round_shape_thing, uniq_vashnia
Orc:1:    layout_caves, gammafunk_ghost_fury_of_okawaru, serial_shops,
          nicolae_shop_advertising_works [nicolae_subvault_shop_adworks],
          minmay_orc_temple_b
Orc:2:    grunt_orc_gardens, layout_caves, grunt_orc_garden, grunt_orc_garden,
          grunt_orc_garden, grunt_orc_garden, serial_shops,
          nicolae_shop_behind_doors, nicolae_shop_trees, shop, shop, uniq_urug,
          uniq_erolcha
Vaults:1: infiniplex_enter_wizlab_glasses, ontoclasm_vaults_tryst,
          vaults_room_pool, nicolae_vaults_mini_display_case,
          vaults_mumra_minichess_inversion, vaults_standard_mumra_x,
          nicolae_vaults_network_periphery, hangedman_vaults_hat,
          ontoclasm_vaults_loading_screen, v_misc_24, st_cells,
          vaults_mumra_hex, v_misc_25, layout_vaults_omnigrid, serial_shops,
          shop
Vaults:2: v_misc_26, nicolae_vaults_little_squares_3, v_misc_16,
          hangedman_vaults_slither, nicolae_vaults_ring_of_whatevers,
          minmay_crypt_entry_simple_corners, vaults_room_grid,
          grunt_vaults_trifunnel, nicolae_vaults_specimen_jars,
          vaults_dpeg_doors, v_misc_15, nicolae_vaults_network_s,
          vaults_room_grid, v_misc_27, nicolae_vaults_border_crossing,
          nicolae_vaults_meeting, nicolae_vaults_rhombus_5, layout_vaults_ring,
          serial_shops, statue_bzr, nicolae_shop_overgrown_old_shop,
          shop_fountains, uniq_zenata
Vaults:3: vaults_room_hallway, grunt_vaults_diagonal, v_misc_14,
          nicolae_vaults_bisected_exclaves, hangedman_vaults_capsules,
          vaults_room_door_hall, vaults_dpeg_ring, v_misc_29,
          hangedman_vaults_cutoff, nicolae_vaults_shelves_hall,
          vaults_dpeg_cross, nicolae_vaults_yaktaur_gun_rack,
          layout_vaults_big_room, uniq_sojobo, uniq_margery
Vaults:4: st_star, hangedman_vaults_variations, nicolae_vaults_little_squares_3,
          vaults_room_fancy_cross, v_misc_14, nicolae_vaults_ring_of_whatevers,
          vaults_room_door_hall, vaults_standard_mumra_enter_the_diamond,
          grunt_vaults_twisty, grunt_vaults_focal, v_misc_27, vaults_room_pools,
          v_misc_5, layout_vaults_omnicross, serial_shops, bzr_entry_customers,
          nicolae_shop_stone, shop_statue
Depths:1: layout_roguey, hellmouth_1, nicolae_concentric_dashed_squares_wild,
          kennysheep_treasure_room, grunt_megastairs_3, serial_bayou_shore_b,
          minmay_shop_star
Depths:2: minmay_the_grid_triangle_9x9_rhombus_full_mashed
          [minmay_the_grid_triangle_9x9_longest,
          minmay_the_grid_triangle_9x9_fully_insulated_deathbox,
          minmay_the_grid_triangle_9x9_empty,
          minmay_the_grid_triangle_9x9_minimal,
          minmay_the_grid_triangle_9x9_steps,
          minmay_the_grid_triangle_9x9_stretched_checkered,
          minmay_the_grid_triangle_9x9_descending_squares,
          minmay_the_grid_triangle_9x9_prize_special], layout_gridlike,
          pan_entry, serial_shops, shop, grunt_hell_entry_demonic_statue,
          abyss_entry, moated_statue, uniq_vv

Skill      XL: |  1  2  3  4  5  6  7  8  9 10 11 12 13 14 15 16 17 18 19 20 21 |
---------------+----------------------------------------------------------------+-----
Stealth        | 2 3 4 |  4.0
Dodging        | 2 3 4 5 6 8 10 12 13 | 13.3
Conjurations   | 5 6 7 9 10 11 12 13 15 16 17 18 | 18.7
Fighting       | 2 3 6 7 9 10 12 14 16 17 | 17.6
Maces & Flails | 1 3 |  3.0
Staves         | 3 5 7 9 11 | 11.9
Spellcasting   | 3 5 7 8 10 11 12 13 14 15 | 15.5
Hexes          | 3 5 6 |  6.4
Evocations     | 3 6 8 |  8.0
Translocations | 1 2 |  2.0
Fire Magic     | 5 7 |  7.0
Summonings     | 4 7 9 |  9.1
Transmutations | 2 6 7 |  7.0
Air Magic      | 6 10 12 14 | 14.1

Action                   |  1- 3 |  4- 6 |  7- 9 | 10-12 | 13-15 | 16-18 | 19-21 || total
-------------------------+-------+-------+-------+-------+-------+-------+-------++-------
Melee: Hand axe          |    58 |       |       |       |       |       |       ||    58
       Tailslap          |     5 |     4 |     7 |    32 |    26 |    17 |    49 ||   140
       Dagger            |    15 |       |       |       |       |       |       ||    15
       Whip              |     8 |    43 |    30 |       |       |       |       ||    81
       Punch             |       |       |     2 |       |       |     1 |     8 ||    11
       Quarterstaff      |       |       |    34 |   179 |    77 |       |       ||   290
       Staff             |       |       |       |     5 |   108 |    82 |   176 ||   371
       Peck              |       |       |       |       |       |       |     4 ||     4
 Cast: Magic Dart        |    37 |    73 |   147 |   359 |   567 |   975 |   708 ||  2866
       Searing Ray       |     2 |     6 |     4 |    25 |     1 |       |       ||    38
       Dazzling Flash    |       |     2 |     4 |     1 |       |       |       ||     7
       Fulminant Prism   |       |       |     1 |    20 |    11 |     1 |       ||    33
       Iskenderun's Myst |       |       |       |    61 |    67 |   100 |   228 ||   456
       Orb of Destructio |       |       |       |    10 |    85 |    24 |    58 ||   177
       Starburst         |       |       |       |     4 |    41 |     5 |     5 ||    55
       Iskenderun's Batt |       |       |       |       |    78 |   147 |   142 ||   367
       Spellforged Servi |       |       |       |       |     3 |    39 |    10 ||    52
       Irradiate         |       |       |       |       |       |     6 |    14 ||    20
 Abil: Breathe Steam     |       |       |    34 |    67 |    41 |    20 |    26 ||   188
       Evoke Blink       |       |       |       |       |       |     4 |     8 ||    12
Evoke: Wand              |       |       |       |       |     3 |     4 |    19 ||    26
  Use: Scroll            |     6 |     1 |     4 |     8 |    15 |     9 |     6 ||    49
       Potion            |       |       |       |       |     4 |     6 |    27 ||    37
 Stab: Sleeping          |     3 |       |       |     2 |       |       |       ||     5
       Invisible         |       |       |     1 |       |       |       |       ||     1
       Distracted        |       |       |       |     1 |       |       |       ||     1
Armor: Skin              |    29 |    31 |    64 |   173 |   165 |   247 |   235 ||   944
Dodge: Dodged            |    67 |    56 |   114 |   308 |   298 |   383 |   373 ||  1599

Table legend: (Time is in decaauts)
 A = Elapsed time spent in this place.
 B = Non-inter-level travel time spent in this place.
 C = Inter-level travel time spent in this place.
 D = Time resting spent in this place.
 E = Time spent auto-exploring this place.
 F = Levels seen in this place.
 G = Mean time per level.
                   A        B        C        D        E       F      G
               +--------+--------+--------+--------+--------+-----+--------+
         Total |  65932 |  61627 |   4305 |   6428 |  45004 |  40 | 1648.3 |
       Dungeon |  20936 |  19139 |   1797 |   2536 |  13711 |  15 | 1395.7 |
        Temple |     98 |     66 |     32 |      0 |     55 |   1 |   98.0 |
          Lair |  12051 |  11116 |    935 |    743 |   8861 |   6 | 2008.5 |
        Shoals |   6413 |   6197 |    216 |    248 |   4944 |   4 | 1603.2 |
     Snake Pit |   6899 |   6609 |    290 |    448 |   4804 |   4 | 1724.8 |
  Orcish Mines |   3026 |   2970 |     56 |    220 |   2279 |   2 | 1513.0 |
        Vaults |  13976 |  13121 |    855 |   2233 |   8440 |   4 | 3494.0 |
        Depths |   2332 |   2210 |    122 |      0 |   1755 |   2 | 1166.0 |
        Bazaar |    198 |    198 |      0 |      0 |    154 |   2 |   99.0 |
               +--------+--------+--------+--------+--------+-----+--------+

Top non-repeatable levels by time:
Vaults:2: 4117 daAuts
Vaults:3: 3384 daAuts
Vaults:1: 3301 daAuts
Vaults:4: 3172 daAuts
  Lair:6: 2915 daAuts
 Snake:4: 2644 daAuts
  Lair:2: 2631 daAuts
    D:12: 2414 daAuts
  Lair:1: 2124 daAuts
Shoals:4: 2051 daAuts
     D:5: 2046 daAuts
     D:2: 1878 daAuts
    D:15: 1809 daAuts
Shoals:1: 1801 daAuts
 Snake:2: 1627 daAuts
